Map: Blackpink LE

Players

JonSnow

  • Race: Zerg Zerg
  • Spawn Location: 7:00

DnS - Winner!

  • Race: Protoss Protoss
  • Spawn Location: 1:00

Event: WCS Leipzig 2018

VOD

Have the link to the VOD?

Description

Time

  • Played on: Jan. 26, 2018, 7:18 a.m.
  • Length: 12:27

All games in this series

Show
View Real Time Build Order
Export as new Build Order

JonSnow Zerg 

Build Orders: Hatch First, Lurkers 

Get SALT Encoding   

  12  0:00  Drone  
  13  0:12  Overlord  
  13  0:17  Drone  
  14  0:31  Drone x2  
  14  0:35  Drone  
  17  0:52  Hatchery  
  17  0:56  Drone  
  17  0:58  Drone  
  18  1:10  Extractor  
  17  1:13  Spawning Pool  
  17  1:17  Drone  
  17  1:19  Drone  
  18  1:29  Drone  
  19  1:38  Overlord  
  19  1:52  Drone  
  20  2:02  Zergling x2, Queen  
  20  2:04  Queen  
  20  2:05  Zergling x2  
  26  2:10  Metabolic Boost  
  26  2:12  Drone  
  27  2:19  Drone  
  28  2:24  Drone  
  29  2:41  Hatchery  
  29  2:42  Drone  
  29  2:44  Drone  
  29  2:47  Drone  
  31  2:53  Queen  
  31  2:56  Drone  
  34  3:01  Overlord  
  34  3:03  Drone  
  35  3:07  Overlord  
  35  3:11  Drone  
  36  3:17  Overlord  
  36  3:24  Drone x3  
  36  3:25  Evolution Chamber  
  36  3:26  Drone  
  39  3:27  Drone  
  40  3:34  Queen  
  40  3:38  Spore Crawler  
  40  3:41  Zergling x4  
  43  3:43  Drone  
  43  3:46  Drone  
  45  3:52  Zerg Melee Weapons Level 1  
  45  3:55  Queen  
  47  4:00  Drone x3  
  50  4:04  Drone  
  50  4:05  Drone  
  50  4:07  Spore Crawler  
  51  4:16  Overlord  
  51  4:23  Drone x7  
  56  4:29  Overlord  
  56  4:31  Overlord  
  56  4:35  Extractor  
  56  4:37  Spore Crawler  
  54  4:39  Overlord  
  54  4:41  Drone x2  
  54  4:45  Zergling x4  
  58  4:51  Drone x4  
  62  4:55  Zergling x2  
  62  4:59  Lair  
  63  5:01  Zergling x4  
  63  5:05  Zergling x2  
  63  5:06  Zergling x6  
  69  5:15  Zergling x12  
  69  5:17  Extractor  
  69  5:20  Zergling x4  
  69  5:21  Zergling x2  
  77  5:23  Queen  
  77  5:27  Zergling x4  
  81  5:30  Drone x3  
  83  5:42  Zergling x8  
  76  5:52  Zergling x6  
  76  5:57  Zergling x12  
  68  6:00  Hydralisk Den  
  71  6:04  Drone x3  
  71  6:08  Overlord, Zerg Missile Weapons Level 1  
  74  6:15  Drone x4  
  74  6:17  Extractor  
  77  6:21  Extractor  
  77  6:22  Extractor  
  77  6:23  Overlord  
  75  6:31  Hatchery, Hydralisk x5  
  84  6:37  Drone x2  
  84  6:38  Hydralisk  
  88  6:41  Drone  
  88  6:44  Drone  
  90  6:49  Drone x2  
  90  6:50  Drone x2  
  94  7:00  Muscular Augments  
  94  7:01  Drone x3  
  97  7:09  Lurker Den  
  97  7:12  Queen  
  97  7:13  Drone x6  
  104  7:16  Drone  
  104  7:17  Drone  
  104  7:18  Overlord  
  104  7:22  Overlord x2  
  105  7:34  Overlord  
  105  7:43  Hydralisk x7  
  118  7:51  Drone  
  118  7:56  Hydralisk x2  
  123  8:05  Zerg Missile Weapons Level 2  
  120  8:06  Hatchery  
  120  8:09  Hydralisk  
  120  8:10  Hydralisk x4  
  128  8:14  Overlord  
  128  8:16  Overlord  
  127  8:24  Drone x2  
  127  8:25  Drone x2  
  131  8:29  Overlord x2  
  129  8:37  Lurker x2  
  129  8:38  Lurker x5  
  132  8:44  Drone x4  
  135  8:50  Overlord  
  135  8:51  Hydralisk x4  
  137  9:07  Drone x12, Extractor  
  137  9:08  Extractor  
  147  9:15  Hydralisk x4  
  147  9:16  Hydralisk  
  157  9:18  Zergling x6  
  157  9:22  Baneling Nest  
  159  9:27  Hydralisk x2  
  159  9:28  Hydralisk  
  159  9:29  Zergling x4  
  159  9:30  Lurker  
  167  9:38  Hydralisk x4  
  167  9:42  Queen  
  177  9:46  Overlord  
  177  9:47  Overlord  
  177  9:50  Zergling x2  
  178  9:53  Overlord  
  178  9:57  Hydralisk x2  
  178  9:58  Lurker  
  183  10:02  Lurker  
  183  10:03  Extractor  
  183  10:07  Extractor  
  178  10:23  Hydralisk x2  
  178  10:24  Zergling x2, Hydralisk x8  
  178  10:25  Zergling x6  
  189  10:35  Hydralisk  
  189  10:36  Hydralisk x5  
  189  10:37  Zergling x2  
  189  10:39  Overseer  
  200  10:49  Baneling x6  
  192  11:11  Hydralisk x9  
  181  11:12  Zergling x2  
  191  11:25  Hydralisk x3  
  179  11:26  Zergling x2, Hydralisk x4  
  179  11:27  Zergling x6  
  189  11:37  Hydralisk x4  
  189  11:38  Zergling x2  
  163  11:44  Hydralisk x2  
  163  11:45  Zergling x2  
  145  11:50  Hydralisk  
  126  11:59  Hydralisk  
Show
View Real Time Build Order
Export as new Build Order

DnS Protoss - Winner!

Build Orders: 1 Gate Expand, Oracle Opening, Phoenix Opening, Archon Immortal, Zealot Archon, Archon Drop 

Get SALT Encoding   

  12  0:00  Probe  
  13  0:12  Probe  
  14  0:19  Pylon  
  14  0:24  Probe  
  15  0:38  Probe (Chrono Boost)  
  15  0:42  Gateway  
  16  0:47  Probe (Chrono Boost), Assimilator  
  17  0:52  Probe (Chrono Boost)  
  19  1:04  Probe  
  19  1:16  Probe  
  20  1:23  Nexus  
  20  1:32  Cybernetics Core  
  20  1:35  Probe  
  21  1:42  Assimilator  
  21  1:47  Probe  
  21  1:49  Pylon  
  22  1:59  Probe (Chrono Boost)  
  23  2:08  Adept (Chrono Boost)  
  23  2:11  Probe (Chrono Boost)  
  26  2:20  Probe (Chrono Boost), Stargate  
  27  2:26  Probe (Chrono Boost), Adept  
  30  2:35  Warp Gate  
  30  2:36  Probe (Chrono Boost)  
  31  2:43  Probe (Chrono Boost)  
  33  2:45  Probe (Chrono Boost)  
  33  2:50  Probe x2 (Chrono Boost)  
  35  3:02  Probe x2, Oracle (Chrono Boost)  
  40  3:12  Assimilator  
  40  3:13  Pylon  
  40  3:14  Probe x2  
  42  3:20  Robotics Facility  
  42  3:26  Probe x2  
  44  3:32  Assimilator  
  44  3:37  Phoenix (Chrono Boost)  
  44  3:38  Probe  
  44  3:39  Probe  
  48  3:48  Pylon  
  48  3:50  Probe, Twilight Council  
  48  3:51  Probe  
  50  4:02  Probe  
  51  4:03  Probe  
  51  4:04  Gateway  
  51  4:05  Gateway  
  52  4:10  Gateway  
  52  4:13  Warp Prism (Chrono Boost)  
  54  4:25  Probe, Pylon  
  54  4:29  Templar Archives, Probe  
  56  4:39  Probe  
  56  4:40  Zealot  
  56  4:45  Pylon  
  59  4:59  Pylon  
  59  5:04  Nexus  
  59  5:06  High Templar x4  
  67  5:07  Probe  
  67  5:10  Archon x2  
  67  5:11  Pylon  
  68  5:15  Pylon  
  68  5:18  Charge (Chrono Boost)  
  68  5:19  Probe  
  69  5:26  Gateway  
  69  5:27  Gateway  
  69  5:31  Gateway  
  69  5:34  Probe x2  
  70  5:44  Zealot x3  
  70  5:49  Probe  
  75  5:54  Probe  
  68  5:59  Psionic Storm, Zealot  
  68  6:01  Probe, Gateway  
  71  6:06  Probe  
  72  6:13  High Templar x3  
  72  6:15  Probe (Chrono Boost)  
  72  6:17  Probe (Chrono Boost)  
  80  6:18  Probe (Chrono Boost)  
  80  6:19  Archon  
  80  6:25  Forge  
  82  6:28  Assimilator  
  82  6:29  Probe (Chrono Boost)  
  82  6:30  Probe (Chrono Boost), Assimilator  
  82  6:31  Probe (Chrono Boost)  
  84  6:34  Probe x2 (Chrono Boost)  
  84  6:36  High Templar  
  84  6:37  Probe  
  89  6:43  Observer, Probe  
  89  6:44  Probe  
  89  6:45  Shield Battery  
  92  6:47  Zealot  
  92  6:49  Probe, Pylon  
  92  6:52  Protoss Ground Weapons Level 1 (Chrono Boost)  
  95  6:55  Probe  
  95  6:57  Probe  
  95  7:00  High Templar, Zealot x2  
  95  7:01  Zealot x2  
  107  7:03  Pylon  
  107  7:06  Pylon  
  107  7:13  Immortal (Chrono Boost)  
  107  7:15  High Templar  
  109  7:22  High Templar  
  115  7:27  Photon Cannon  
  115  7:28  Photon Cannon  
  115  7:31  Robotics Facility  
  115  7:34  Zealot  
  117  7:46  High Templar x2  
  121  7:52  Probe, Archon  
  121  7:53  Probe  
  121  7:54  Photon Cannon  
  121  7:56  Pylon  
  123  8:00  Zealot x3  
  123  8:04  Zealot x3, Pylon  
  132  8:13  Immortal (Chrono Boost)  
  136  8:24  Nexus  
  136  8:26  Immortal (Chrono Boost), Photon Cannon  
  140  8:27  Pylon  
  140  8:28  Pylon  
  140  8:30  Pylon  
  140  8:45  Nexus  
  140  8:46  High Templar x3  
  140  8:47  High Templar, Immortal (Chrono Boost)  
  144  8:51  Archon x2  
  144  8:53  Protoss Ground Weapons Level 2 (Chrono Boost)  
  144  8:57  Immortal (Chrono Boost)  
  148  9:18  Zealot  
  148  9:19  Zealot x3  
  160  9:26  Gateway  
  160  9:27  Gateway  
  160  9:28  Observer (Chrono Boost)  
  160  9:29  Immortal (Chrono Boost)  
  159  9:38  Pylon  
  159  9:39  Pylon  
  159  9:42  Probe x3  
  159  9:43  Photon Cannon  
  159  9:45  Photon Cannon  
  162  9:46  Assimilator x2  
  162  9:49  High Templar x3  
  162  9:50  High Templar  
  170  9:53  Archon x2  
  170  9:54  Probe  
  171  10:06  Zealot  
  171  10:07  Zealot x3  
  179  10:16  Immortal x2  
  169  10:29  Zealot x8  
  183  10:53  Zealot x8  
  183  10:55  Observer  
  176  11:23  Zealot x6  
  176  11:24  Zealot x4  
  181  11:47  Pylon x2  
  181  11:50  Pylon x2  
  181  11:52  Pylon  
  181  11:53  Pylon  
  144  12:10  Zealot x10  
Tags
 
Add a new tag
Caveats
  • Supply blocks, unpowered buildings, or Contaminate may cause inaccurate times.
  • Supply counts are checked every 10 seconds.